 Dungeon Crawl Stone Soup version 0.27-a0-1431-gcffa5a9b16 (webtiles) character file.

Game seed: 12407492947526130282

1491 mandarbmax the Zephyrmancer (level 8, -22/41 HPs)
             Began as a Tengu Air Elementalist on July 2, 2021.
             Was an Initiate of Gozag.
             Killed from afar by Maggie (31 damage)
             ... with a bolt of fire
             ... on level 6 of the Dungeon.
             The game lasted 00:17:45 (7045 turns).

mandarbmax the Zephyrmancer (TeAE)                  Turns: 7045, Time: 00:17:45

Health: -22/41     AC:  3    Str:  9    XL:     8   Next: 80%
Magic:  7/12       EV: 17    Int: 18    God:    Gozag
Gold:   223        SH:  0    Dex: 14    Spells: 0/11 levels left

rFire    . . .     SeeInvis .   l - staff of air
rCold    . . .     Faith    .   (no shield)
rNeg     . . .     Spirit   .   a - +1 robe
rPois    .         Reflect  .   (helmet restricted)
rElec    +         Harm     .   (no cloak)
rCorr    .         Rampage  .   (no gloves)
Will     +....                  (boots unavailable)
Stlth    ++........             (no amulet)
HPRegen  0.13/turn              b - +4 ring of slaying
MPRegen  0.13/turn              m - ring of willpower

@: flying quickly and evasively, quick
A: beak, talons 3, nimble flight
a: Renounce Religion, Potion Petition, Call Merchant, Bribe Branch


You were on level 6 of the Dungeon.
You worshipped Gozag.
Gozag was aware of your devotion.
You visited 1 branch of the dungeon, and saw 6 of its levels.

You collected 299 gold pieces.
You paid 76 gold pieces to Gozag.

Inventory:

Hand Weapons
 h - a +0 long sword
 j - a +2 spear of freezing
Armour
 a - a +1 robe (worn)
 p - the +1 chain mail "Uckeq" {Harm Fly rF+ Stlth-}
   (You found it on level 4 of the Dungeon)

   rF:        It protects you from fire.
   Fly:       It grants you flight.
   Harm:      It increases damage dealt and taken.
   Stlth:     It makes you less stealthy.
Magical Staves
 l - a staff of air (weapon)
 o - a staff of conjuration
Jewellery
 b - a +4 ring of slaying (left hand)
 m - a ring of willpower (right hand)
 n - a ring of see invisible
Wands
 c - a wand of mindburst (12)
Scrolls
 d - 2 scrolls of fear
 e - a scroll of identify
 f - a scroll of magic mapping
 g - a scroll of silence
 i - 2 scrolls of enchant armour
 q - 2 scrolls of brand weapon
Potions
 k - 3 potions of cancellation
 r - a potion of berserk rage


   Skills:
 + Level 6.7 Dodging
 - Level 2.0 Stealth
 - Level 2.0 Spellcasting
 + Level 8.5 Conjurations
 + Level 8.5 Air Magic
 + Level 1.4 Evocations


You couldn't memorise any spells.
You knew the following spells:

 Your Spells              Type           Power      Damage    Failure   Level
a - Shock                 Conj/Air       100%       1d9       1%          1
b - Static Discharge      Conj/Air       49%        N/A       1%          2
c - Swiftness             Air            49%        N/A       1%          3
d - Lightning Bolt        Conj/Air       24%        1d40      14%         5

Your spell library contained the following spells:

 Spells                   Type           Power      Damage    Failure   Level
 Foxfire                  Conj/Fire      68%        2x1d7     3%          1
 Airstrike                Air            24%        N/A       5%          4
 Conjure Flame            Conj/Fire      17%        6-21      10%         3
 Pain                     Necr           4%         1d4       19%         1
 Sandblast                Erth           2%         2d4       19%         1
 Blink                    Tloc           N/A        N/A       26%         2
 Passwall                 Tmut/Erth      0%         N/A       26%         2
 Sticky Flame             Conj/Fire      17%        2d4       30%         4
 Ignite Poison            Fire/Tmut/Pois 1%         N/A       47%         3
 Inner Flame              Hex/Fire       1%         N/A       47%         3
 Tukima's Dance           Hex            1%         N/A       47%         3
 Cause Fear               Hex            0%         N/A       87%         4
 Passage of Golubria      Tloc           N/A        N/A       87%         4
 Agony                    Necr           1%         N/A       99%         5
 Excruciating Wounds      Necr           0%         N/A       99%         5
 Lee's Rapid Deconstruct  Erth           0%         3d5*      99%         5
 Manifold Assault         Tloc           1%         N/A       99%         5
 Yara's Violent Unravell  Hex/Tmut       0%         3d3       99%         5
 Invisibility             Hex            0%         N/A       100%        6
 Storm Form               Tmut/Air       12%        N/A       100%        7
 Discord                  Hex            0%         N/A       100%        8


Dungeon Overview and Level Annotations

Branches:
Dungeon (6/15)
 Temple: D:4-7

Altars:
Cheibriados
Gozag
Kikubaaqudgha
Nemelex Xobeh
Sif Muna
Uskayaw

Shops:
D:2 [   D:5 (

Annotations:
D:2 1 runed translucent door, Crazy Yiuf
D:5 1 runed translucent door, McSplat's ghost, amateur HOFi
D:6 Maggie


Innate Abilities, Weirdness & Mutations

You have a beak for a mouth.
You have claws for feet.
Your magical nature lets you fly swiftly and evasively.


Message History

Found an escape hatch in the ceiling.
Maggie the Vainglorious comes into view.
She is wielding a +2 long sword of pain.
Maggie is nearby!
Maggie is nearby!
Okay, then.
Okay, then.
Okay, then.
Things that are here:
a +0 club; a +0 club
As you read the scroll of identify, it crumbles to dust.
r - a potion of berserk rage Unknown command.
You see here a +0 short sword.
You start waiting.
Maggie is nearby!
Maggie is nearby!
You feel a surge of power!
The zap misses Maggie.
Maggie shouts!
You feel a surge of power!
The zap hits Maggie.
Maggie is lightly wounded.
You feel a surge of power!
The zap hits Maggie.
Maggie is lightly wounded.
You feel a surge of power!
The zap hits Maggie!
Maggie is moderately wounded.
You feel a surge of power!
The zap hits Maggie.
Maggie is moderately wounded.
You feel a surge of power!
The zap hits Maggie.
Maggie is moderately wounded.
Maggie gestures at you while chanting. The bolt of fire hits you!!
Ouch! That really hurt!
* * * LOW HITPOINT WARNING * * *
Casting: Shock (safe; 1% risk of failure)
Confirm with . or Enter, or press ? or * to list all spells.
Okay, then.
Maggie gestures at you while chanting. The bolt of fire hits you!!
Ouch! That really hurt!
You die...
Your body crumbles into a pile of gold.

###### #....# #.##)#
#.##.# # #.#<.# .#
#.##########.# #
#.@..).......# .##
############@.....####....
.......>...'.)....+.......
#######.####......#.......
#.# #......#.......
####'########...#._...@
#......#...##.[.#.....
#......#...##..)#..####
#......'...............


You could see Maggie.

Vanquished Creatures
  Sigmund (D:4)
  A water moccasin (D:5)
  Edmund (D:4)
  An ice beast (D:5)
  An ogre (D:6)
  A necrophage (D:5)
  A kobold brigand (D:6)
  2 howler monkeys
  4 hounds
  A jelly (D:6)
  A gnoll shaman (D:5)
  2 orc priests (D:4)
  3 orc wizards
  An iguana (D:4)
  A hound skeleton (D:5)
  Robin (D:4)
  10 adders
  15 gnolls
  An ufetubus (D:6)
  An adder skeleton (D:5)
  A worm (D:2)
  A dart slug (D:3)
  11 orcs
  7 bats
  4 endoplasms
  A giant cockroach (D:3)
  18 goblins
  7 hobgoblins
  3 jackals (D:3)
  5 quokkas
  9 ball pythons
  4 frilled lizards
  8 kobolds
  4 rats
133 creatures vanquished.

Vanquished Creatures (others)
  11 toadstools (D:4)
11 creatures vanquished.

Grand Total: 144 creatures vanquished

Notes
Turn   | Place    | Note
-------+----------+-------------------------------------------
     0 | D:1      | mandarbmax the Tengu Air Elementalist began the quest for
                  | the Orb.
     0 | D:1      | Reached XP level 1. HP: 10/10 MP: 4/4
   139 | D:1      | Reached XP level 2. HP: 15/15 MP: 0/6
   218 | D:1      | Learned a level 2 spell: Static Discharge
   710 | D:1      | Reached XP level 3. HP: 19/19 MP: 4/7
   976 | D:1      | Learned a level 3 spell: Swiftness
  1577 | D:2      | Reached XP level 4. HP: 24/24 MP: 0/8
  1648 | D:2      | Found Pinou's Armour Shoppe.
  1966 | D:2      | Found a faded altar of an unknown god.
  2496 | D:2      | Found a runed translucent door.
  2497 | D:2      | Noticed Crazy Yiuf
  3051 | D:3      | Gained mutation: Your magical nature lets you fly swiftly
                  | and evasively. [Tengu growth]
  3051 | D:3      | Reached XP level 5. HP: 28/28 MP: 6/9
  3053 | D:3      | Reached skill level 5 in Conjurations
  3053 | D:3      | Reached skill level 5 in Air Magic
  3799 | D:3      | Reached XP level 6. HP: 32/32 MP: 7/10
  4366 | D:4      | Noticed Edmund
  4400 | D:4      | Killed Edmund
  4401 | D:4      | Reached XP level 7. HP: 20/36 MP: 0/11
  4565 | D:4      | Noticed Robin
  4590 | D:4      | Killed Robin
  4843 | D:4      | Identified the +1 chain mail "Uckeq" {Harm Fly rF+ Stlth-}
  4878 | D:4      | Noticed Sigmund
  5053 | D:4      | Killed Sigmund
  5054 | D:4      | Reached skill level 5 in Dodging
  5140 | D:4      | Found an ancient bone altar of Kikubaaqudgha.
  5145 | D:4      | Found a shimmering blue altar of Sif Muna.
  5151 | D:4      | Found a hide-covered altar of Uskayaw.
  5173 | D:5      | Entered Level 5 of the Dungeon
  5224 | D:5      | Reached XP level 8. HP: 41/41 MP: 0/12
  5807 | D:5      | Found Pait's Weapon Shoppe.
  5926 | D:5      | Found a runed translucent door.
  5927 | D:5      | Noticed McSplat's ghost (amateur HOFi)
  6053 | D:5      | Found a snail-covered altar of Cheibriados.
  6170 | D:5      | Learned a level 5 spell: Lightning Bolt
  6189 | D:5      | Found an opulent altar of Gozag.
  6213 | D:5      | Became a worshipper of Gozag Ym Sagoz the Greedy
  6681 | D:6      | Found a sparkling altar of Nemelex Xobeh.
  6775 | D:5      | Reached skill level 1 in Evocations
  7014 | D:6      | Noticed Maggie
  7045 | D:6      | Killed from afar by Maggie

Illustrated notes

Levels and vault maps discovered:
D:1:      scummos_arrival_simple_crosswalls, layout_loops_cross, grunt_decor_cap
D:2:      layout_loops_cross, shapermc_ecumenical_altar_mp_highgroup,
          serial_shops, shop, st_stairs_12, chequers_avenue,
          uniq_crazy_yiuf_cottage
D:3:      layout_rooms, serial_rivers, chequers_serial_rivers_micro_c,
          chequers_serial_rivers_micro_e, chequers_serial_rivers_marsh,
          chequers_serial_rivers_marsh, chequers_serial_rivers_small_3,
          chequers_serial_rivers_large_b, hangedman_decor_lopped,
          cheibrodos_gnoll_hut
D:4:      cheibrodos_fertilizer, layout_basic, minmay_overflow_temple_star_quad,
          serial_forest, infiniplex_forest_diagonal, infiniplex_forest_end_3,
          infiniplex_forest_zigzag_1, infiniplex_forest_straight_1,
          infiniplex_forest_split, infiniplex_forest_fountain,
          infiniplex_forest_clump_small, serial_shops, nicolae_lakefront_shop,
          uniq_edmund, uniq_sigmund, uniq_robin
D:5:      layout_gridville, grunt_gozag_breadcrumbs, cheibriados_altar_1,
          ebering_ghost_inner_flame, serial_shops, nicolae_shop_behind_doors
D:6:      layout_basic, overflow_temple_1_default, minmay_fire_ice_demons,
          uniq_grinder, uniq_maggie

Skill      XL: |  1  2  3  4  5  6  7  8 |
---------------+-------------------------+-----
Conjurations   | 2 3 4 5 6 7 8 |  8.5
Dodging        | 3 4 5 6 |  6.7
Air Magic      | 5 6 7 8 |  8.5
Evocations     | 1 |  1.4
Stealth        | |  2.0
Spellcasting   | |  2.0

Action                   |  1- 3 |  4- 6 |  7- 9 || total
-------------------------+-------+-------+-------++-------
Melee: Unarmed           |     2 |       |       ||     2
       Short sword       |     1 |     7 |       ||     8
       Peck              |     1 |     2 |     3 ||     6
       Kick              |       |     2 |     3 ||     5
       Long sword        |       |     2 |     7 ||     9
       Staff             |       |       |     1 ||     1
 Cast: Shock             |    72 |    94 |   125 ||   291
       Static Discharge  |     1 |    15 |    16 ||    32
       Swiftness         |       |     1 |       ||     1
  Use: Scroll            |       |     6 |     5 ||    11
       Potion            |       |       |     1 ||     1
Armor: Robe              |     1 |     5 |     3 ||     9
Dodge: Dodged            |     5 |    18 |    33 ||    56
       Rpst.: Long sword |       |     6 |     5 ||    11

Table legend: (Time is in decaauts)
 A = Elapsed time spent in this place.
 B = Non-inter-level travel time spent in this place.
 C = Inter-level travel time spent in this place.
 D = Time resting spent in this place.
 E = Time spent auto-exploring this place.
 F = Levels seen in this place.
 G = Mean time per level.
                   A        B        C        D        E       F      G
               +--------+--------+--------+--------+--------+-----+--------+
         Total |   6875 |   6716 |    159 |   1734 |   4126 |   6 | 1145.8 |
       Dungeon |   6875 |   6716 |    159 |   1734 |   4126 |   6 | 1145.8 |
               +--------+--------+--------+--------+--------+-----+--------+

Top non-repeatable levels by time:
     D:2: 1517 daAuts
     D:1: 1461 daAuts
     D:5: 1255 daAuts
     D:4: 1198 daAuts
     D:3: 1065 daAuts
     D:6: 377 daAuts
